Map: Ulrena

Players

Kakashi - Winner!

  • Race: Protoss Protoss
  • League: Silver

MuFFin

  • Race: Zerg Zerg

VOD

Have the link to the VOD?

Description

split

Time

  • Played on: March 4, 2016, 3:41 p.m.
  • Length: 9:32
Show
View Real Time Build Order
Export as new Build Order

Kakashi Protoss - Winner!

Build Orders:  

Get SALT Encoding   

  12  0:01  Probe (Chrono Boost)  
  13  0:12  Probe (Chrono Boost)  
  14  0:22  Probe (Chrono Boost)  
  14  0:25  Pylon  
  15  0:43  Probe (Chrono Boost)  
  15  0:49  Pylon  
  16  0:54  Assimilator  
  16  0:59  Probe (Chrono Boost)  
  17  1:06  Gateway  
  17  1:18  Probe (Chrono Boost)  
  18  1:22  Assimilator  
  18  1:28  Probe (Chrono Boost)  
  19  1:39  Probe (Chrono Boost)  
  20  1:43  Nexus  
  20  1:54  Zealot  
  22  2:01  Cybernetics Core  
  22  2:16  Pylon  
  22  2:18  Probe (Chrono Boost)  
  23  2:28  Probe (Chrono Boost)  
  24  2:41  Warp Gate (Chrono Boost)  
  24  2:45  Assimilator  
  24  2:50  Pylon  
  26  2:51  Adept  
  26  2:55  Probe  
  27  3:06  Probe  
  27  3:10  Forge  
  28  3:13  Mothership Core  
  28  3:16  Probe  
  31  3:27  Probe  
  32  3:35  Gateway  
  32  3:37  Probe  
  33  3:42  Twilight Council  
  33  3:48  Probe  
  34  3:57  Probe  
  34  3:58  Probe  
  36  4:05  Protoss Ground Weapons Level 1 (Chrono Boost)  
  36  4:09  Probe  
  37  4:10  Gateway, Probe  
  37  4:11  Gateway  
  38  4:18  Gateway  
  38  4:20  Gateway  
  38  4:33  Blink  
  38  4:35  Probe  
  39  4:46  Probe  
  40  4:55  Robotics Facility  
  40  4:56  Probe, Assimilator  
  41  5:19  Stalker  
  41  5:20  Stalker x2  
  46  5:23  Zealot x2  
  46  5:24  Zealot  
  52  5:32  Probe  
  53  5:42  Probe  
  54  5:51  Pylon  
  54  5:56  Protoss Ground Armor Level 1 (Chrono Boost)  
  50  6:08  Probe  
  50  6:09  Warp Prism  
  51  6:18  Probe  
  51  6:22  Pylon  
  52  6:26  Pylon  
  52  6:29  Pylon  
  52  6:44  Stalker x2  
  52  6:45  Stalker  
  52  6:46  Stalker  
  60  7:10  Pylon  
  60  7:12  Pylon  
  60  7:14  Nexus  
  60  7:29  Stalker  
  62  7:30  Stalker x3  
  62  7:31  Stalker x2  
  72  8:09  Stalker x3  
  72  8:10  Stalker x2  
  72  8:11  Stalker  
  84  8:31  Gateway  
  84  8:37  Gateway  
  82  9:01  Zealot x3  
  82  9:02  Zealot x2  
  76  9:11  Stalker  
  78  9:22  Stalker x2  
  78  9:23  Stalker x2  
  78  9:24  Stalker  
Show
View Real Time Build Order
Export as new Build Order

MuFFin Zerg 

Build Orders: Pool First 

Get SALT Encoding   

  12  0:01  Drone  
  13  0:14  Overlord  
  13  0:18  Drone  
  14  0:32  Drone  
  14  0:33  Drone  
  16  0:38  Drone  
  17  0:49  Drone  
  18  1:00  Drone  
  19  1:20  Spawning Pool  
  18  1:33  Extractor, Drone x2  
  18  1:34  Drone  
  20  2:00  Overlord  
  20  2:08  Zergling x4  
  22  2:15  Extractor  
  22  2:18  Queen  
  22  2:21  Roach Warren  
  22  2:36  Metabolic Boost  
  22  2:43  Drone x3, Evolution Chamber  
  24  3:08  Roach x2  
  28  3:13  Hatchery  
  27  3:20  Overlord  
  27  3:34  Ravager x2  
  28  3:38  Zergling x4  
  28  3:39  Zergling x4  
  33  3:51  Zerg Missile Weapons Level 1  
  33  3:59  Roach x2  
  37  4:03  Overlord  
  37  4:13  Lair  
  38  4:24  Ravager  
  38  4:27  Zergling x8  
  38  4:29  Queen  
  44  4:42  Drone x2  
  46  4:53  Drone x2  
  48  5:05  Queen  
  50  5:27  Drone  
  50  5:28  Drone  
  52  5:31  Overlord  
  52  5:32  Extractor, Overlord  
  52  5:34  Extractor  
  50  5:36  Spire  
  49  5:54  Hatchery  
  27  6:13  Roach  
  27  6:14  Roach x4  
  37  6:22  Spine Crawler  
  37  6:23  Zergling x2  
  37  6:26  Zergling x2  
  37  6:31  Drone  
  39  6:48  Drone x4  
  43  7:00  Mutalisk x2  
  47  7:03  Drone  
  48  7:18  Drone x5  
  53  7:29  Mutalisk  
  53  7:30  Mutalisk  
  53  7:33  Mutalisk  
  59  7:44  Drone x3  
  59  7:48  Queen  
  64  8:09  Mutalisk  
  64  8:10  Mutalisk  
  64  8:12  Roach x3  
  74  8:15  Overlord  
  74  8:23  Extractor  
  74  8:24  Drone  
  74  8:26  Extractor  
  73  8:27  Overlord x2  
  73  8:44  Ravager x2  
  59  9:05  Roach x3  
  59  9:06  Roach x2  
Tags
 
League
Silver
Matchup
PvZ
Opening
Pool First
Add a new tag
Caveats
  • Supply blocks, unpowered buildings, or Contaminate may cause inaccurate times.
  • Supply counts are checked every 10 seconds.